MLB
BALTIMORE ORIOLES @ TAMPA BAY RAYS
07/02/2019
 
TOP OF THE 1ST
Baltimore Orioles batting - Pitching for Tampa Bay Rays : RHP Michael Pineda
Pitching: RHP Michael Pineda
Batting: SHB Asdrubal Cabrera 0-0: SINGLE (Line Drive, 89S, EV 95.6 MPH)
Batting: RHB Albert Almora 0-0: Ball
1-0: Ball
2-0: Foul Ball, location: 2F
2-1: Swinging Strike
2-2: Ball
3-2: SINGLE (Line Drive, 9S, EV 103.8 MPH)
Asdrubal Cabrera to second
Batting: LHB Joey Votto 0-0: SINGLE (Line Drive, 78S, EV 91.9 MPH)
Asdrubal Cabrera to third
Albert Almora to second
Batting: LHB Daniel Murphy 0-0: Called Strike
0-1: Ball
1-1: Grounds into fielders choice 1-2 (Groundball, 13S, EV 64.4 MPH)
Albert Almora to third
Joey Votto to second
Batting: LHB Nomar Mazara 0-0: Grounds into double play, 4-6-3 (Groundball, 4, EV 93.8 MPH)
Top of the 1st over - 0 runs, 3 hits, 0 errors, 2 left on base; Baltimore 0 - Tampa Bay 0
BOTTOM OF THE 1ST
Tampa Bay Rays batting - Pitching for Baltimore Orioles : RHP Shohei Ohtani
Pitching: RHP Shohei Ohtani
Batting: RHB Xander Bogaerts 0-0: Ball
1-0: SINGLE (Groundball, 6MD, EV 95.0 MPH)
Batting: RHB Marcell Ozuna 0-0: Called Strike
0-1: Foul Ball, location: 2F
0-2: Ball
1-2: Ball
Wild Pitch!
Xander Bogaerts to second
2-2: Strikes out swinging
Batting: RHB Nelson Cruz 0-0: Ball
1-0: Called Strike
1-1: Foul Ball, location: 2F
1-2: Strikes out swinging
Batting: LHB Rafael Devers 0-0: Ball
1-0: Fly out, F9 (Flyball, 9S, EV 91.9 MPH)
Bottom of the 1st over - 0 runs, 1 hit, 0 errors, 1 left on base; Baltimore 0 - Tampa Bay 0
TOP OF THE 2ND
Baltimore Orioles batting - Pitching for Tampa Bay Rays : RHP Michael Pineda
Batting: SHB Dexter Fowler 0-0: Ball
1-0: Called Strike
1-1: Ball
2-1: Ball
3-1: Fly out, F8 (Flyball, 8RD, EV 95.6 MPH)
Batting: RHB Garrett Cooper 0-0: Ball
1-0: Called Strike
1-1: SINGLE (Groundball, 6MD, EV 101.9 MPH)
Batting: LHB JT Riddle 0-0: Swinging Strike
0-1: Foul Ball, location: 2F
0-2: Ball
1-2: Foul Ball, location: 2F
1-2: Fly out, F5 (Line Drive, 5, EV 71.9 MPH)
Batting: RHB A.J. Ellis 0-0: Ball
1-0: Called Strike
1-1: DOUBLE (Groundball, 5L, EV 105.0 MPH)
Garrett Cooper to third
Batting: SHB Asdrubal Cabrera 0-0: Fly out, F8 (Flyball, 78M, EV 83.8 MPH)
Top of the 2nd over - 0 runs, 2 hits, 0 errors, 2 left on base; Baltimore 0 - Tampa Bay 0
BOTTOM OF THE 2ND
Tampa Bay Rays batting - Pitching for Baltimore Orioles : RHP Shohei Ohtani
Batting: LHB Dan Vogelbach 0-0: Ball
1-0: Ball
2-0: Ball
3-0: Base on Balls
Batting: RHB Enrique Hernandez 0-0: Ball
1-0: Ball
2-0: Called Strike
2-1: Ball
3-1: Called Strike
3-2: Base on Balls
Dan Vogelbach to second
Batting: LHB Curtis Granderson 0-0: Ball
1-0: Foul Ball, location: 2F
1-1: Ball
2-1: Fielders Choice at 2nd, 1-6 (Groundball, 34S, EV 80.0 MPH)
Dan Vogelbach to third
Batting: RHB DJ LeMahieu 0-0: Foul Ball, location: 2F
0-1: Grounds into double play, 4-6-3 (Groundball, 4, EV 81.9 MPH)
Bottom of the 2nd over - 0 runs, 0 hits, 0 errors, 1 left on base; Baltimore 0 - Tampa Bay 0
TOP OF THE 3RD
Baltimore Orioles batting - Pitching for Tampa Bay Rays : RHP Michael Pineda
Batting: RHB Albert Almora 0-0: Ball
1-0: Ball
2-0: Called Strike
2-1: Called Strike
2-2: Strikes out swinging
Batting: LHB Joey Votto 0-0: Called Strike
0-1: Ball
1-1: Called Strike
1-2: Ball
2-2: Strikes out swinging
Batting: LHB Daniel Murphy 0-0: Foul Ball, location: 2F
0-1: Ball
1-1: Swinging Strike
1-2: Strikes out swinging
Top of the 3rd over - 0 runs, 0 hits, 0 errors, 0 left on base; Baltimore 0 - Tampa Bay 0
BOTTOM OF THE 3RD
Tampa Bay Rays batting - Pitching for Baltimore Orioles : RHP Shohei Ohtani
Batting: SHB Victor Caratini 0-0: Called Strike
0-1: Foul Ball, location: 2F
0-2: Ball
1-2: Foul Ball, location: 2F
1-2: Ground out U3 (Groundball, 3S, EV 65.0 MPH)
Batting: RHB Xander Bogaerts 0-0: TRIPLE (Flyball, 9LD, EV 90.0 MPH)
Batting: RHB Marcell Ozuna 0-0: Called Strike
0-1: Ball
1-1: Foul Ball, location: 2F
1-2: Ball
2-2: Foul Ball, location: 2F
2-2: Foul Ball, location: 2F
2-2: Ball
3-2: Foul Ball, location: 2F
3-2: Foul Ball, location: 2F
3-2: Foul Ball, location: 2F
3-2: Fly out, F4 (Popup, 23, EV 93.1 MPH)
Batting: RHB Nelson Cruz 0-0: Ball
1-0: Fly out, F8 (Flyball, 78XD, EV 105.6 MPH)
Bottom of the 3rd over - 0 runs, 1 hit, 0 errors, 1 left on base; Baltimore 0 - Tampa Bay 0
TOP OF THE 4TH
Baltimore Orioles batting - Pitching for Tampa Bay Rays : RHP Michael Pineda
Batting: LHB Nomar Mazara 0-0: Ball
1-0: Foul Ball, location: 2F
1-1: Called Strike
1-2: Foul Ball, location: 2F
1-2: Strikes out swinging
Batting: SHB Dexter Fowler 0-0: Foul Ball, location: 2F
0-1: Ball
1-1: Foul Ball, location: 2F
1-2: Strikes out swinging
Batting: RHB Garrett Cooper 0-0: Ball
1-0: Ball
2-0: Fly out, F8 (Flyball, 78D, EV 103.1 MPH)
Top of the 4th over - 0 runs, 0 hits, 0 errors, 0 left on base; Baltimore 0 - Tampa Bay 0
BOTTOM OF THE 4TH
Tampa Bay Rays batting - Pitching for Baltimore Orioles : RHP Shohei Ohtani
Batting: LHB Rafael Devers 0-0: Ball
1-0: Ball
2-0: Called Strike
2-1: Ball
3-1: SINGLE (Flyball, 7S, EV 97.5 MPH)
Batting: LHB Dan Vogelbach 0-0: Ball
1-0: Foul Ball, location: 2F
1-1: Ball
2-1: Foul Ball, location: 2F
2-2: Fielders Choice at 2nd, 2-4 (Groundball, 15S, EV 65.6 MPH)
Batting: RHB Enrique Hernandez 0-0: Ball
1-0: Swinging Strike
1-1: Ball
2-1: Fly out, F9 (Line Drive, 9D, EV 92.5 MPH)
Batting: LHB Curtis Granderson 0-0: Called Strike
0-1: Called Strike
0-2: Fly out, F9 (Flyball, 9, EV 92.5 MPH)
Bottom of the 4th over - 0 runs, 1 hit, 0 errors, 1 left on base; Baltimore 0 - Tampa Bay 0
TOP OF THE 5TH
Baltimore Orioles batting - Pitching for Tampa Bay Rays : RHP Michael Pineda
Batting: LHB JT Riddle 0-0: Ball
1-0: Ball
2-0: Called Strike
2-1: Ball
3-1: Fly out, F8 (Line Drive, 8LD, EV 99.4 MPH)
Batting: RHB A.J. Ellis 0-0: Ball
1-0: Foul Ball, location: 2F
1-1: Ground out 5-3 (Groundball, 5L, EV 91.3 MPH)
Batting: SHB Asdrubal Cabrera 0-0: Ground out 6-3 (Groundball, 6, EV 81.3 MPH)
Top of the 5th over - 0 runs, 0 hits, 0 errors, 0 left on base; Baltimore 0 - Tampa Bay 0
BOTTOM OF THE 5TH
Tampa Bay Rays batting - Pitching for Baltimore Orioles : RHP Shohei Ohtani
Batting: RHB DJ LeMahieu 0-0: Ball
1-0: Ball
2-0: Fly out, F7 (Flyball, 7D, EV 101.3 MPH)
Batting: SHB Victor Caratini 0-0: Called Strike
0-1: Foul Ball, location: 2F
0-2: Strikes out looking
Batting: RHB Xander Bogaerts 0-0: Foul Ball, location: 2F
0-1: Ball
1-1: Ground out 5-3 (Groundball, 56S, EV 91.9 MPH)
Bottom of the 5th over - 0 runs, 0 hits, 0 errors, 0 left on base; Baltimore 0 - Tampa Bay 0
TOP OF THE 6TH
Baltimore Orioles batting - Pitching for Tampa Bay Rays : RHP Michael Pineda
Batting: RHB Albert Almora 0-0: Ball
1-0: SINGLE (Line Drive, 9S, EV 107.5 MPH)
Batting: LHB Joey Votto 0-0: Ball
1-0: Called Strike
1-1: Ground out 4-3 (Groundball, 3, EV 87.5 MPH)
Albert Almora to second
Batting: LHB Daniel Murphy 0-0: Called Strike
0-1: DOUBLE (Line Drive, 7LM, EV 108.1 MPH)
Albert Almora scores
Batting: LHB Nomar Mazara 0-0: Called Strike
0-1: Ground out 4-3 (Groundball, 4, EV 83.8 MPH)
Daniel Murphy to third
Batting: SHB Dexter Fowler 0-0: Ball
1-0: Foul Ball, location: 2F
1-1: Ball
2-1: Fly out, F9 (Flyball, 89S, EV 86.3 MPH)
Top of the 6th over - 1 run, 2 hits, 0 errors, 1 left on base; Baltimore 1 - Tampa Bay 0
BOTTOM OF THE 6TH
Tampa Bay Rays batting - Pitching for Baltimore Orioles : RHP Shohei Ohtani
Batting: RHB Marcell Ozuna 0-0: Fly out, F8 (Flyball, 8LM, EV 93.1 MPH)
Batting: RHB Nelson Cruz 0-0: Ball
1-0: Foul Ball, location: 2F
1-1: Called Strike
1-2: Ball
2-2: Foul Ball, location: 2F
2-2: Ball
3-2: Foul Ball, location: 2F
3-2: Base on Balls
Batting: LHB Rafael Devers 0-0: Ball
1-0: DOUBLE (Line Drive, 89M, EV 91.9 MPH)
Nelson Cruz to third
Batting: LHB Dan Vogelbach 0-0: Called Strike
0-1: Ball
1-1: Ball
2-1: Called Strike
2-2: Ball
3-2: Foul Ball, location: 2F
3-2: 3-RUN HOME RUN (Flyball, 9LD, EV 101.3 MPH), Distance : 345 ft
Batting: RHB Enrique Hernandez 0-0: Foul Ball, location: 2F
0-1: Swinging Strike
0-2: Strikes out looking
Batting: LHB Curtis Granderson 0-0: Called Strike
0-1: Swinging Strike
0-2: Strikes out looking
Bottom of the 6th over - 3 runs, 2 hits, 0 errors, 0 left on base; Baltimore 1 - Tampa Bay 3
TOP OF THE 7TH
Baltimore Orioles batting - Pitching for Tampa Bay Rays : RHP Michael Pineda
Batting: RHB Garrett Cooper 0-0: Ball
1-0: Foul Ball, location: 2F
1-1: SINGLE (Groundball, 56D, EV 104.4 MPH)
Batting: LHB JT Riddle 0-0: Fielders Choice at 2nd, 1-6 (Groundball, P, EV 80.6 MPH)
Batting: RHB A.J. Ellis 0-0: Called Strike
0-1: Ball
1-1: Ball
2-1: Called Strike
2-2: Ball
3-2: Foul Ball, location: 2F
3-2: Strikes out looking
JT Riddle steals 2nd base
Batter strikes out.
Batting: SHB Asdrubal Cabrera 0-0: Ball
1-0: DOUBLE (Line Drive, 89M, EV 94.4 MPH)
JT Riddle scores
Batting: RHB Albert Almora 0-0: Called Strike
0-1: Ball
1-1: Foul Ball, location: 2F
1-2: Ball
2-2: Ball
3-2: Base on Balls
Pitching: RHP Darren O'Day
Batting: LHB Joey Votto 0-0: Called Strike
0-1: Ball
1-1: Ball
2-1: Ball
3-1: Called Strike
3-2: Foul Ball, location: 2F
3-2: Base on Balls
Asdrubal Cabrera to third
Albert Almora to second
Batting: LHB Daniel Murphy 0-0: Ball
1-0: Ball
2-0: Ball
3-0: Base on Balls
Asdrubal Cabrera scores
Albert Almora to third
Joey Votto to second
Batting: LHB Nomar Mazara 0-0: Ball
1-0: DOUBLE (Flyball, 78XD, EV 111.9 MPH)
Albert Almora scores
Joey Votto scores
Daniel Murphy to third
Batting: SHB Dexter Fowler 0-0: Called Strike
0-1: Called Strike
0-2: Ball
1-2: Foul Ball, location: 2F
1-2: Strikes out swinging
Top of the 7th over - 4 runs, 3 hits, 0 errors, 2 left on base; Baltimore 5 - Tampa Bay 3
BOTTOM OF THE 7TH
Tampa Bay Rays batting - Pitching for Baltimore Orioles : RHP Shohei Ohtani
Pitching: RHP Brandon Morrow
Batting: RHB DJ LeMahieu 0-0: Ball
1-0: Ball
2-0: Ball
3-0: Base on Balls
Batting: SHB Victor Caratini Balk!
DJ LeMahieu to second
0-0: Called Strike
0-1: Ground out 4-3 (Groundball, 34, EV 86.3 MPH)
DJ LeMahieu to third
Batting: RHB Xander Bogaerts 0-0: Called Strike
0-1: Called Strike
0-2: Ball
1-2: Ball
2-2: Strikes out swinging
Batting: RHB Marcell Ozuna 0-0: Ball
1-0: Foul Ball, location: 2F
1-1: Ball
2-1: Foul Ball, location: 2F
2-2: Ball
3-2: Foul Ball, location: 2F
3-2: Foul Ball, location: 2F
3-2: Base on Balls
Pitching: RHP Pedro Strop
Batting: RHB Nelson Cruz 0-0: Called Strike
0-1: Swinging Strike
0-2: Ball
1-2: Ball
2-2: Foul Ball, location: 2F
2-2: Ball
3-2: Strikes out looking
Bottom of the 7th over - 0 runs, 0 hits, 0 errors, 2 left on base; Baltimore 5 - Tampa Bay 3
TOP OF THE 8TH
Baltimore Orioles batting - Pitching for Tampa Bay Rays : RHP Darren O'Day
Pitching: RHP Mychal Givens
Batting: RHB Garrett Cooper 0-0: Ball
1-0: Ball
2-0: Foul Ball, location: 2F
2-1: Called Strike
2-2: Strikes out swinging
Batting: LHB JT Riddle 0-0: Ball
1-0: Ball
2-0: Ball
3-0: Base on Balls
Batting: RHB A.J. Ellis 0-0: Swinging Strike
0-1: Ball
1-1: Called Strike
1-2: Strikes out swinging
Batting: SHB Asdrubal Cabrera 0-0: Called Strike
0-1: Foul Ball, location: 2F
0-2: Ball
1-2: Fly out, F9 (Flyball, 9S, EV 81.9 MPH)
Top of the 8th over - 0 runs, 0 hits, 0 errors, 1 left on base; Baltimore 5 - Tampa Bay 3
BOTTOM OF THE 8TH
Tampa Bay Rays batting - Pitching for Baltimore Orioles : RHP Pedro Strop
Batting: LHB Rafael Devers 0-0: Called Strike
0-1: Ball
1-1: Called Strike
1-2: Ball
2-2: Ball
3-2: Foul Ball, location: 2F
3-2: Base on Balls
Batting: LHB Dan Vogelbach 0-0: Ball
1-0: Ball
2-0: Ball
3-0: Base on Balls
Rafael Devers to second
Pinch Hitting: LHB Michael Conforto 0-0: Called Strike
0-1: Ball
1-1: Ball
2-1: Foul Ball, location: 2F
2-2: Ball
3-2: Foul Ball, location: 2F
3-2: Foul Ball, location: 2F
3-2: Foul Ball, location: 2F
3-2: Fly out, F9 (Flyball, 9LS, EV 90.6 MPH)
Runner from 2nd tags up, SAFE at 3rd with throw by RF
Pitching: RHP Jonathan Loaisiga
Batting: LHB Curtis Granderson 0-0: Called Strike
0-1: Ball
1-1: Fly out, F9 (Flyball, 9S, EV 81.3 MPH)
Batting: RHB DJ LeMahieu 0-0: Called Strike
0-1: Swinging Strike
0-2: Ball
1-2: Foul Ball, location: 2F
1-2: Ball
2-2: Fly out, F8 (Flyball, 8RD, EV 100.6 MPH)
Bottom of the 8th over - 0 runs, 0 hits, 0 errors, 2 left on base; Baltimore 5 - Tampa Bay 3
TOP OF THE 9TH
Baltimore Orioles batting - Pitching for Tampa Bay Rays : RHP Mychal Givens
Pitching: LHP Grant Dayton
Now in CF: Michael Conforto
Batting: RHB Albert Almora 0-0: Foul Ball, location: 2F
0-1: Ground out 5-3 (Groundball, 5S, EV 73.8 MPH)
Batting: LHB Joey Votto 0-0: Ball
1-0: Ball
2-0: Ground out 5-3 (Groundball, 56, EV 85.0 MPH)
Batting: LHB Daniel Murphy 0-0: Swinging Strike
0-1: Ball
1-1: Fly out, F8 (Line Drive, 8RM, EV 91.3 MPH)
Top of the 9th over - 0 runs, 0 hits, 0 errors, 0 left on base; Baltimore 5 - Tampa Bay 3
BOTTOM OF THE 9TH
Tampa Bay Rays batting - Pitching for Baltimore Orioles : RHP Jonathan Loaisiga
Now at 2B: Daniel Castro
Batting: SHB Victor Caratini 0-0: Swinging Strike
0-1: Foul Ball, location: 2F
0-2: Ball
1-2: Strikes out swinging
Batting: RHB Xander Bogaerts 0-0: SOLO HOME RUN (Flyball, 78XD, EV 90.6 MPH), Distance : 377 ft
Batting: RHB Marcell Ozuna 0-0: Fly out, F5 (Popup, 5L, EV 71.9 MPH)
Batting: RHB Nelson Cruz 0-0: Foul Ball, location: 2F
0-1: Ball
1-1: Ball
2-1: Foul Ball, location: 2F
2-2: Ball
3-2: SINGLE (Groundball, 56, EV 96.9 MPH) (infield hit)
Pitching: RHP Jimmie Sherfy
Batting: LHB Rafael Devers 0-0: Ball
1-0: Ball
2-0: Foul Ball, location: 2F
2-1: Ball
3-1: Foul Ball, location: 2F
3-2: Strikes out swinging
Bottom of the 9th over - 1 run, 2 hits, 0 errors, 1 left on base; Baltimore 5 - Tampa Bay 4
Thursday, October 3rd, 2019 - OOTP Baseball 20.6 Build 55